 Dungeon Crawl Stone Soup version 0.29.1-2-gbd0b4ee654 (webtiles) character file.

Game seed: 2419342051555821209

40 Doomgape the Cudgeller (level 3, 0/23 HPs)
             Began as a Gargoyle Fighter on Oct 23, 2022.
             Slain by a worm (9 damage)
             ... on level 2 of the Dungeon.
             The game lasted 00:01:30 (1362 turns).

Doomgape the Cudgeller (Gargoyle Fighter)           Turns: 1362, Time: 00:01:31

Health: 0/23       AC: 10    Str: 21    XL:     3   Next: 50%
Magic:  3/3        EV:  9    Int:  8    God:
Gold:   75         SH:  4    Dex:  9    Spells: 2/2 levels left

rFire   . . .      SeeInvis .   a - +0 flail
rCold   . . .      Faith    .   c - +0 buckler
rNeg    + . .      Spirit   .   b - +0 scale mail
rPois   ∞          Reflect  .   (no helmet)
rElec   +          Harm     .   (no cloak)
rCorr   .          Rampage  .   (no gloves)
Will    .....                   (no boots)
Stlth   ..........              (no amulet)
HPRegen 0.07/turn               (no ring)
MPRegen 0.08/turn               (no ring)

@: no status effects
A: sickness immunity, AC +3, negative energy resistance 1, electricity
resistance, torment resistance 1, petrification resistance
a: no special abilities


You were on level 2 of the Dungeon.
You visited 1 branch of the dungeon, and saw 2 of its levels.

You collected 75 gold pieces.

Inventory:

Hand Weapons
 a - a +0 flail (weapon)
Armour
 b - a +0 scale mail (worn)
 c - a +0 buckler (worn)
Scrolls
 f - a scroll of immolation {unknown}
Potions
 d - 3 potions of might
 e - a potion of magic {unknown}
 g - 2 potions of ambrosia {unknown}
 h - a potion of attraction {unknown}


   Skills:
 - Level 3.2 Fighting
 + Level 3.8 Maces & Flails
 - Level 3.2 Armour
 - Level 3.2 Shields


You had 2 spell levels left.
You didn't know any spells.
Your spell library was empty.

Dungeon Overview and Level Annotations

Branches:
Dungeon (2/15)

Altars:


Innate Abilities, Weirdness & Mutations

You are immune to sickness and miasma.
Your stone body is resilient. (AC +3)
You are immune to poison.
You resist negative energy. (rN+)
You are resistant to electric shocks. (rElec)
You are resistant to unholy torment.
You are immune to petrification.


Message History

A worm comes into view.
Found a scroll labelled GEBIEZX SEUCE.
A hobgoblin comes into view.
Found a scroll labelled GIRIGOKLOSH.
You block the kobold's attack.
You hit the kobold.
You kill the kobold!
You closely miss the hobgoblin. The hobgoblin hits you.
A hobgoblin is nearby!
You hit the hobgoblin.
You kill the hobgoblin!
A bat comes into view.
A bat is nearby!
A bat is nearby!
A bat is nearby!
You closely miss the bat. The bat hits you but does no damage.
The bat hits you. You block the bat's attack.
You closely miss the bat. You block the bat's attack.
The bat hits you but does no damage.
You sock the bat!
You kill the bat!
The worm bites you.
You hit the worm.
The worm is lightly wounded.
You block the worm's attack.
You hit the worm.
The worm is moderately wounded.
You barely miss the worm.
The worm is moderately wounded.
The worm bites you.
You barely miss the worm.
The worm is moderately wounded.
The worm bites you.
You are too injured to fight recklessly!
You are too injured to fight recklessly!
You are too injured to fight recklessly!
A worm is nearby!
You sock the worm!
The worm is almost dead.
The worm bites you!
You die...

### #......### #.#†#
....#######.......# #...#
............###.#.###...#
....##..###.# #.#>....#.#
. ##..##.# #.#.###.#.#
##..### #.#.# #.#.#
##..## #.#.# #.#.#
##.w..# #.#.# #.#.#
##)@##..##...# #[#.#
#...†##..###.# #.#
#..##..##..##.# #.# #..#
...##..### #..# ##.?##w.
#..# #..##? ##. .## # #


You could see a worm.

Vanquished Creatures
  A worm (D:2)
  A dart slug (D:1)
  2 endoplasms (D:1)
  A giant cockroach (D:1)
  8 goblins (D:1)
  6 hobgoblins
  A quokka (D:2)
  3 ball pythons (D:2)
  2 bats
  2 frilled lizards (D:1)
  2 kobolds
  A rat (D:2)
30 creatures vanquished.

Notes
Turn   | Place    | Note
-------+----------+-------------------------------------------
     0 | D:1      | Doomgape the Gargoyle Fighter began the quest for the Orb.
     0 | D:1      | Reached XP level 1. HP: 14/14 MP: 1/1
   190 | D:1      | Reached XP level 2. HP: 19/19 MP: 2/2
   665 | D:1      | Reached XP level 3. HP: 23/23 MP: 3/3
   785 | D:1      | Found a faded altar of an unknown god.
  1362 | D:2      | Slain by a worm

Illustrated notes

Levels and vault maps discovered:
D:1:      roderic_crop_circles_arrival_small, layout_basic,
          nicolae_ecumenical_lake_church, grunt_decor_junction
D:2:      minmay_alternating_diamond, layout_basic

Skill      XL: |  1  2 |
---------------+-------+-----
Maces & Flails | 3 |  3.8
Fighting       | |  3.2
Armour         | |  3.2
Shields        | |  3.2

Action                   || total
-------------------------++-------
Melee: Flail             ||   114
Armor: Scale mail        ||    52
Dodge: Dodged            ||    40
Block: Buckler           ||    23
